AoeStats
← LavishlyMoist

Black Forest

506360540Analyzed
3v3 RM · 17d ago on Sep 13, 2026· 41m 17s· 6 players
Game mode
Random Map
Map size
Normal (6 player)
Population
200
Speed
Normal
Resources
Standard
Victory
Conquest
Starting age
Dark Age
Ending age
Imperial Age
RankedLock teamsTeams togetherTeam positionsShared explorationLock speedFull tech treeHidden civsTurbo modeCheats
Victory
Defeat
🇦🇺 Bohemians · Australia
1477
+7
🇦🇺 Romans · Australia
1184
+17
🇦🇺 Koreans · Australia
1183
+17
🇨🇳 Franks · China
1245
-14
🇻🇳 Vikings · Vietnam
1243
-14
🇦🇷 Mapuche · Argentina
1224
-13
Fury
10:32 Feudal Age
10:59 Double-Bit Axe
11:16 Horse Collar
16:27 Castle Age
17:32 Bow Saw
17:25 Heavy Plow
18:52 Wheelbarrow
18:37 Scale Mail Armor
21:18 Fervor
21:46 Hand Cart
21:36 Stone Mining
23:23 Gold Mining
26:33 Treadmill Crane
29:48 Imperial Age
27:31 Fletching
29:14 Ballistics
28:53 Town Watch
28:53 Loom
30:34 Forging
30:39 Chain Mail Armor
30:42 Pikeman
31:58 Gold Shaft Mining
31:58 Stone Shaft Mining
31:56 Crop Rotation
32:25 Caravan
33:34 Town Patrol
34:10 Plate Mail Armor
34:15 Iron Casting
34:58 Conscription
35:09 Champi Runner
SkyBlue$
0:27 Loom
11:45 Feudal Age
16:32 Castle Age
15:07 Double-Bit Axe
17:57 Horse Collar
20:09 Bow Saw
24:49 Heavy Plow
31:27 Imperial Age
28:56 Stone Mining
30:34 Fortified Wall
30:36 Masonry
30:41 Man-at-Arms
31:06 Gambesons
31:22 Squires
31:08 Arson
31:38 Forging
31:29 Scale Mail Armor
31:22 Long Swordsman
32:28 Two-Handed Swordsman
33:27 Chain Mail Armor
33:48 Iron Casting
34:08 Architecture
33:00 Capped Ram
33:30 Champion
35:30 Plate Mail Armor
cihuncihome
7:11 Loom
13:01 Feudal Age
14:58 Double-Bit Axe
17:56 Castle Age
16:33 Gold Mining
19:48 Bow Saw
24:06 Stone Mining
26:57 Wheelbarrow
30:40 Imperial Age
29:07 Scale Mail Armor
29:17 Forging
28:49 Man-at-Arms
29:30 Squires
30:03 Arson
29:39 Long Swordsman
31:28 Hand Cart
32:39 Chemistry
31:02 Two-Handed Swordsman
31:04 Pikeman
32:33 Conscription
32:00 Gambesons
32:49 Caravan
33:43 Iron Casting
32:50 Halberdier
34:17 Chain Mail Armor
35:44 Blast Furnace
34:09 Champion
Kwisatz Haderach
0:28 Loom
11:32 Feudal Age
16:06 Castle Age
14:19 Double-Bit Axe
15:26 Horse Collar
24:20 Bow Saw
24:45 Heavy Plow
27:26 Wheelbarrow
30:44 Imperial Age
29:47 Chemistry
28:54 Fletching
30:57 Padded Archer Armor
31:18 Hand Cart
30:48 Town Watch
31:34 Siege Engineers
33:02 Two-Man Saw
31:32 Houfnice
34:45 Leather Archer Armor
36:04 Ring Archer Armor
35:31 Bodkin Arrow
39:31 Bracer
SkibidiBanditSlayer
9:41 Feudal Age
9:03 Loom
14:05 Castle Age
12:48 Double-Bit Axe
16:15 Bow Saw
15:48 Horse Collar
19:00 Wheelbarrow
18:11 Town Watch
21:41 Town Watch
22:49 Gold Mining
23:00 Heavy Plow
23:12 Stone Mining
25:48 Hand Cart
25:46 Caravan
30:19 Imperial Age
27:47 Man-at-Arms
28:29 Scale Mail Armor
28:39 Forging
29:26 Ballistas
28:58 Long Swordsman
30:25 Legionary
31:33 Conscription
31:32 Chain Mail Armor
30:46 Heavy Scorpion
32:31 Iron Casting
33:54 Comitatenses
36:09 Blast Furnace
35:52 Fletching
36:24 Ballistics
37:05 Chemistry
36:11 Siege Engineers
37:44 Squires
LavishlyMoist
5:43 Loom
13:26 Feudal Age
14:13 Double-Bit Axe
18:47 Castle Age
17:47 Horse Collar
20:14 Bow Saw
26:35 Heavy Plow
27:28 Gold Mining
28:44 Wheelbarrow
28:58 Fletching
33:35 Imperial Age
31:38 Hand Cart
31:44 Squires
32:59 Ballistics
32:50 Masonry
32:54 Fortified Wall
33:15 Thumb Ring
32:31 Crossbowman
33:14 Scale Mail Armor
33:57 Town Watch
33:51 Elite Fire Lancer
34:54 Conscription
35:13 Forging
35:19 Chain Mail Armor
36:55 Two-Man Saw
35:57 Capped Ram
37:53 Iron Casting
37:43 Eupseong
37:37 Arbalester
39:39 Chemistry
38:27 Arrowslits
40:50 Architecture
40:21 Murder Holes
Connection lost

Rejoining the realm…

Still unreachable

The connection could not be restored.

Session expired

The server has moved on; the page needs a fresh start.